 Dungeon Crawl Stone Soup version 0.25-a0-510-ge065f6de7d (webtiles) character file.

Game seed: 10076937120669747573, levelgen mode: deterministic

13281 kae the Martial Artist (level 11, -3/93 HPs)
             Began as a Demonspawn Gladiator on Feb 14, 2020.
             Was a Believer of Wu Jian.
             Slain by a yak (9 damage)
             ... on level 11 of the Dungeon on Feb 15, 2020.
             The game lasted 00:13:45 (14202 turns).

kae the Martial Artist (Demonspawn Gladiator)      Turns: 14202, Time: 00:13:45

Health: -3/93      AC: 10    Str: 19    XL:     11   Next: 73%
Magic:  2/2        EV: 16    Int: 16    God:    Wu Jian [**....]
Gold:   586        SH:  0    Dex: 22    Spells: 10/10 levels left

rFire    + + +     SeeInvis .     - Unarmed
rCold    . . .     Gourm    .   (no shield)
rNeg     . . .     Faith    .   y - +1 scale mail of the Pirate {rF++ MP-9 Int+5} (curse)
rPois    .         Spirit   .   (helmet restricted)
rElec    .         Reflect  .   (no cloak)
rCorr    .         Harm     .   (no gloves)
MR       .....                  (no boots)
Stlth    ++........             (no amulet)
HPRegen  0.25/turn              i - ring of flight
MPRegen  0.08/turn              a - ring of wizardry (curse)

@: mighty, agile
A: horns 1, molten scales 2, fire resistance 1, powered by pain 2, flame cloud
immunity
a: Wall Jump, Renounce Religion, Evoke Flight


You were on level 11 of the Dungeon.
You worshipped Wu Jian.
Wu Jian was pleased with you.
You were very hungry.

You visited 2 branches of the dungeon, and saw 12 of its levels.
You also visited: Sewer.

You collected 586 gold pieces.

Inventory:

Missiles
 c - 3 throwing nets (quivered)
Armour
 b - a +0 helmet
 o - a +1 chain mail
 t - a +0 chain mail of cold resistance
 y - the cursed +1 scale mail of the Pirate (worn) {rF++ MP-9 Int+5}
   (You found it on level 8 of the Dungeon)

   It affects your intelligence (+5).
   It greatly protects you from fire.
   It affects your magic capacity (-9).
   If you remove this armour, your AC will decrease by 7 (10 -> 3).
   It has a curse placed upon it.
Jewellery
 a - a cursed ring of wizardry (right hand)
 i - a ring of flight (left hand)
 n - a +4 ring of intelligence
 p - an uncursed amulet of faith
Wands
 h - a wand of acid (13)
Scrolls
 f - 2 scrolls of blinking
 g - 5 scrolls of remove curse
 j - 5 scrolls of teleportation
 l - a scroll of noise
 m - 4 scrolls of fog
 u - 2 scrolls of fear
 v - a scroll of magic mapping
 B - 3 scrolls of amnesia
 C - 2 scrolls of identify
 D - a scroll of enchant armour
 E - a scroll of vulnerability {unknown}
Potions
 e - 3 potions of magic
 q - 3 potions of haste
 r - a potion of degeneration
 x - a potion of brilliance
 z - a potion of flight
 A - a potion of resistance
Comestibles
 d - 26 rations


   Skills:
 + Level 11.1 Fighting
 - Level 1.7 Throwing
 - Level 2.6 Dodging
 * Level 14.0 Unarmed Combat


You had 10 spell levels left.
You didn't know any spells.
Your spell library contained the following spells:

 Spells                   Type           Power        Failure   Level  Hunger
 Animate Skeleton         Necr           N/A          32%         1    ##.....
 Beastly Appendage        Tmut           #.....       32%         1    ##.....
 Pain                     Necr           #...         32%         1    ##.....
 Shock                    Conj/Air       #...         32%         1    ##.....
 Sticks to Snakes         Tmut           #.......     43%         2    ###....
 Swiftness                Chrm/Air       #.......     43%         2    ###....
 Spider Form              Tmut/Pois      #.........   65%         3    ####...
 Static Discharge         Conj/Air       #.......     65%         3    ####...
 Vampiric Draining        Necr           #.........   65%         3    ####...
 Airstrike                Air            #.........   95%         4    #####..
 Animate Dead             Necr           N/A          95%         4    #####..
 Ice Form                 Ice/Tmut       #.......     95%         4    #####..
 Agony                    Necr           #.......     100%        5    ######.
 Blade Hands              Tmut           #.........   100%        5    ######.
 Lightning Bolt           Conj/Air       #.........   100%        5    ######.


Dungeon Overview and Level Annotations

Branches:
Dungeon (10/15)            Temple (1/1) D:7            Lair (0/6) D:10
  Sewer (visited)
    Orc: D:9-12

Altars:
Ashenzari
Cheibriados
Dithmenos
Elyvilon
Fedhas
Gozag
Hepliaklqana
Kikubaaqudgha
Makhleb
Nemelex Xobeh
Okawaru
Qazlal
Ru
Sif Muna
Trog
Uskayaw
Vehumet
Wu Jian
Xom
Yredelemnul
Zin
The Shining One

Shops:
D:5 }   D:8 [


Innate Abilities, Weirdness & Mutations

You have a pair of small horns on your head.
You are mostly covered in molten scales. (AC +3)
Your flesh is heat resistant. (rF+)
You sometimes gain power by taking damage.
You are immune to clouds of flame.


Message History

The orc wizard is severely wounded.
You punch the yak!
The yak is heavily wounded.
The yak closely misses you.
You punch the orc wizard!
You kill the orc wizard!
The Council accepts your kill. The yak gores you but does no damage.
You barely miss the yak. You punch the yak!
The yak is severely wounded.
The yak gores you.
* * * LOW HITPOINT WARNING * * *
You punch the yak!
You kill the yak!
The Council accepts your kill.
Your Unarmed Combat skill increases to level 14!
You punch the yak! You headbutt the yak!
The yak is severely wounded.
The yak barely misses you. The yak gores you!
You die...

........#### .......
...........# ..3....
...........# .......
##.........##.......
...................
..............#.##
#oo...........##
..#YY..............
...#@##.o............
....###...............
.....#.............#..
#..................#..
#....................
##............##..#.#.
..........###..>..#.##
..........####.......#
......(|..##.........#


You could see 2 yaks and 2 orcs.

Vanquished Creatures
  Fannar (D:11)
  2 two-headed ogres
  An unseen horror (D:10)
  A cyclops (D:6)
  A guardian serpent (shapeshifter) (D:11)
  Psyche (D:8)
  Maggie (D:7)
  A kobold demonologist (D:11)
  2 trolls
  2 hornets
  2 hippogriffs
  9 yaks
  3 hogs (D:7)
  6 humans
  5 orc warriors
  A phantom (D:4)
  2 sky beasts
  An eye of draining (D:10)
  2 ice beasts
  5 ogres
  3 black bears
  3 necrophages (D:9)
  A centaur (D:5)
  2 crocodiles
  A big kobold (D:7)
  14 bullfrogs
  An elf skeleton (D:4)
  3 killer bees (D:10)
  2 scorpions
  8 wights
  A crimson imp (D:5)
  A hound (D:5)
  A human zombie (D:4)
  2 jellies
  15 orc priests
  A bullfrog skeleton (D:9)
  Terence (D:3)
  Natasha (thrice) (D:4)
  An iguana (D:5)
  13 orc wizards
  8 worker ants
  A hound zombie (D:6)
  A hound skeleton (D:7)
  4 worker ant zombies
  Robin (D:3)
  10 gnolls
  9 adders
  3 river rats (Sewer)
  A shadow imp (D:10)
  An adder skeleton (D:6)
  4 worms
  2 dart slugs
  6 leopard geckos
  56 orcs
  4 bats
  4 giant cockroaches
  14 goblins
  13 hobgoblins
  18 jackals
  6 quokkas
  15 ball pythons
  5 frilled lizards
  A jackal skeleton (D:7)
  14 kobolds
  A leopard gecko skeleton (D:6)
  2 orc skeletons (D:4)
  2 orc zombies (D:4)
  29 rats
  2 fungi (D:10)
363 creatures vanquished.

Notes
Turn   | Place    | Note
-------+----------+-------------------------------------------
     0 | D:1      | kae the Demonspawn Gladiator began the quest for the Orb.
     0 | D:1      | Reached XP level 1. HP: 16/16 MP: 1/1
   228 | D:1      | Reached skill level 3 in Unarmed Combat
   462 | D:1      | Gained mutation: Your flesh is heat resistant. (rF+)
                  | [demonic ancestry]
   462 | D:1      | Reached XP level 2. HP: 13/22 MP: 2/2
  1060 | D:1      | Reached XP level 3. HP: 22/28 MP: 3/3
  1838 | D:2      | Reached skill level 4 in Unarmed Combat
  1838 | D:2      | Gained mutation: You sometimes gain a little power by
                  | taking damage. [demonic ancestry]
  1838 | D:2      | Reached XP level 4. HP: 25/34 MP: 4/4
  2597 | D:3      | Noticed Robin
  2601 | D:3      | Noticed Terence
  2629 | D:3      | Gained mutation: You are partially covered in molten
                  | scales. (AC +2) [demonic ancestry]
  2629 | D:3      | Reached XP level 5. HP: 28/41 MP: 5/5
  2634 | D:3      | Killed Robin
  2684 | D:3      | Killed Terence
  2891 | D:3      | Reached skill level 5 in Unarmed Combat
  2895 | D:3      | HP: 2/41 [orc wizard/magic dart (7)]
  3843 | D:4      | Reached XP level 6. HP: 48/48 MP: 6/6
  3912 | D:4      | Noticed Natasha
  3928 | D:4      | Killed Natasha
  3934 | D:4      | Reached skill level 6 in Unarmed Combat
  3939 | D:4      | Gained mutation: You are immune to clouds of flame.
                  | [demonic ancestry]
  3939 | D:4      | Reached XP level 7. HP: 33/55 MP: 7/7
  3965 | D:4      | Noticed Natasha
  3972 | D:4      | Killed Natasha
  4035 | D:4      | Noticed Natasha
  4046 | D:4      | Killed Natasha
  4142 | D:4      | Found a sand-covered staircase.
  4156 | D:4      | Reached skill level 5 in Fighting
  4562 | D:5      | Entered Level 5 of the Dungeon
  4612 | D:5      | Found Masiss Laka's Gadget Boutique.
  4732 | D:5      | Reached skill level 7 in Unarmed Combat
  5152 | D:5      | Found a glowing drain.
  5156 | Sewer    | Entered a sewer
  5232 | Sewer    | Upgraded the game from 0.25-a0-505-gae4569222e to
                  | 0.25-a0-510-ge065f6de7d
  5262 | Sewer    | Gained mutation: You sometimes gain power by taking damage.
                  | [demonic ancestry]
  5262 | Sewer    | Reached XP level 8. HP: 48/63 MP: 8/8
  5904 | D:5      | Reached skill level 8 in Unarmed Combat
  6340 | D:6      | Reached skill level 9 in Unarmed Combat
  6545 | D:6      | Gained mutation: You are mostly covered in molten scales.
                  | (AC +3) [demonic ancestry]
  6545 | D:6      | Reached XP level 9. HP: 54/72 MP: 9/9
  7359 | D:6      | HP: 2/72 [orc warrior/+0 flail (13)]
  7360 | D:6      | Reached skill level 10 in Unarmed Combat
  7717 | D:6      | Noticed a cyclops
  7741 | D:6      | Killed a cyclops
  8148 | D:7      | Noticed Maggie
  8163 | D:7      | Killed Maggie
  8221 | D:7      | Reached skill level 11 in Unarmed Combat
  8239 | D:7      | Gained mutation: You have a pair of small horns on your
                  | head. [demonic ancestry]
  8239 | D:7      | Reached XP level 10. HP: 49/82 MP: 10/10
  9251 | D:7      | Found a staircase to the Ecumenical Temple.
  9497 | Temple   | Entered the Ecumenical Temple
  9943 | D:8      | Found an opulent altar of Gozag.
  9943 | D:8      | Found a sparkling altar of Nemelex Xobeh.
  9962 | D:8      | Found a shattered altar of Ashenzari.
  9963 | D:8      | Found a shimmering altar of Xom.
  9964 | D:8      | Found a hide-covered altar of Uskayaw.
  9964 | D:8      | Found an iron altar of Okawaru.
  9964 | D:8      | Found a glowing silver altar of Zin.
  9964 | D:8      | Found a stormy altar of Qazlal.
  9965 | D:8      | Found a blossoming altar of Fedhas.
  9966 | D:8      | Found a hazy altar of Hepliaklqana.
  9967 | D:8      | Found a radiant altar of Vehumet.
  9968 | D:8      | Found an ornate altar of the Wu Jian Council.
  9969 | D:8      | Found a sacrificial altar of Ru.
  9972 | D:8      | Became a worshipper of the Wu Jian Council
 10038 | D:8      | Got a scorched scale mail
 10049 | D:8      | Identified the cursed +1 scale mail of the Pirate {rF++
                  | MP-9 Int+5} (You found it on level 8 of the Dungeon)
 10060 | D:8      | Found a hide-covered altar of Uskayaw.
 10100 | D:8      | Reached skill level 12 in Unarmed Combat
 10112 | D:8      | Found Eneci's Armour Boutique.
 10112 | D:8      | Noticed Psyche
 10396 | D:8      | Killed Psyche
 11015 | D:8      | Found an iron altar of Okawaru.
 11402 | D:9      | Reached * piety under Wu Jian
 11748 | D:9      | You fall into a shaft and drop 1 floor!
 11748 | D:10     | Entered Level 10 of the Dungeon
 11760 | D:10     | Reached skill level 10 in Fighting
 11924 | D:10     | Found a staircase to the Lair.
 11939 | D:10     | Reached XP level 11. HP: 51/89 MP: 2/11
 12494 | D:10     | Noticed a two-headed ogre
 12505 | D:10     | Killed a two-headed ogre
 12829 | D:10     | Reached skill level 13 in Unarmed Combat
 13136 | D:10     | Killed an unseen horror
 13691 | D:9      | You fall into a shaft and drop 2 floors!
 13692 | D:11     | Noticed a two-headed ogre
 13697 | D:11     | Killed a two-headed ogre
 13841 | D:11     | Noticed Fannar
 13865 | D:11     | Killed Fannar
 13870 | D:11     | Reached ** piety under Wu Jian
 14175 | D:11     | Noticed a soul eater
 14201 | D:11     | Reached skill level 14 in Unarmed Combat
 14202 | D:11     | Slain by a yak

Levels and vault maps discovered:
D:1:      sevenhm_arrival_forest_fort_small_4, layout_loops_corners
D:2:      layout_rooms, first_ration
D:3:      layout_loops_ring, uniq_terence, uniq_robin
D:4:      layout_basic, nicolae_ossuary_entry_catacombs, uniq_natasha
D:5:      layout_gridville, serial_shops, shop, gup_sewer_entry_bowl,
          minmay_misc_feat_room
D:6:      layout_basic, kennysheep_another_room, minmay_tree_intersection,
          minmay_ruffians
D:7:      layout_basic, temple_statues, grunt_livestock, uniq_maggie
D:8:      layout_rooms, minitemple, basic_altar, serial_shops,
          nicolae_shop_trees, okawaru_altar_gauntlet_db, uniq_psyche
D:9:      layout_loops_cross, david_orc_2, minmay_misc_feat_doors,
          lightli_orcish_oven
D:10:     layout_roguey, grunt_lair_entry_orc_guard_hut
D:11:     layout_cave_pools, serial_shops, nicolae_shop_statue_plus,
          minivault_12, uniq_fannar
Temple:   nicolae_temple_figure_zero

Skill      XL: |  1  2  3  4  5  6  7  8  9 10 11 |
---------------+----------------------------------+-----
Unarmed Combat | 3 4 5 6 7 9 11 12 14 | 14.0
Fighting       | 3 4 5 7 8 10 11 | 11.1
Throwing       | |  1.7
Dodging        | |  2.6

Action                   |  1- 3 |  4- 6 |  7- 9 | 10-12 || total
-------------------------+-------+-------+-------+-------++-------
Melee: Unarmed           |   148 |   275 |   693 |   512 ||  1628
       Punch             |     2 |     8 |    16 |    27 ||    53
       Headbutt          |       |       |       |   110 ||   110
Throw: Throwing net      |       |       |     2 |       ||     2
Invok: Whirlwind         |       |       |       |    13 ||    13
       Lunge             |       |       |       |    18 ||    18
 Abil: Evoke Flight      |       |       |     1 |       ||     1
  Use: Potion            |       |     5 |     6 |     4 ||    15
       Scroll            |       |     9 |    10 |     1 ||    20
 Stab: Held in net/web   |       |       |     2 |       ||     2
  Eat: Chunk             |     3 |     7 |    15 |    18 ||    43
Armor: Leather armour    |    21 |       |       |       ||    21
       Chain mail        |    30 |   146 |   378 |    64 ||   618
       Scale mail        |       |       |       |   117 ||   117
Dodge: Dodged            |    77 |    94 |   291 |   163 ||   625

Table legend:
 A = Non-vault XP
 B = Vault XP
 C = Vault XP percentage of total XP
 D = Non-vault monster count
 E = Vault monster count
 F = Vault count percentage of total count
                 A         B        C        D         E       F
            +---------+---------+-------+---------+---------+-------
      Total |   13906 |    5067 |  26.7 |     261 |     100 |  27.7
            +---------+---------+-------+---------+---------+-------
        D:1 |      54 |       0 |   0.0 |      16 |       0 |   0.0
        D:2 |      48 |       0 |   0.0 |      17 |       0 |   0.0
        D:3 |     203 |      74 |  26.7 |      24 |      14 |  36.8
        D:4 |     467 |     162 |  25.8 |      16 |       7 |  30.4
        D:5 |     627 |       1 |   0.2 |      26 |       1 |   3.7
        D:6 |    1561 |     976 |  38.5 |      44 |       5 |  10.2
        D:7 |    1706 |    1381 |  44.7 |      42 |       6 |  12.5
        D:8 |    1394 |     448 |  24.3 |      23 |       7 |  23.3
        D:9 |    1343 |     145 |   9.7 |      12 |       6 |  33.3
       D:10 |    3940 |     592 |  13.1 |      29 |       5 |  14.7
       D:11 |    2563 |     964 |  27.3 |      12 |       1 |   7.7
      Sewer |       0 |     324 | 100.0 |       0 |      48 | 100.0
            +---------+---------+-------+---------+---------+-------
